Map: Blueshift LE

Players

DnS

  • Race: Protoss Protoss
  • Spawn Location: 1:00

Clem - Winner!

  • Race: Terran Terran
  • Spawn Location: 7:00

Event: WCS Montreal 2018

VOD

Have the link to the VOD?

Description

Time

  • Played on: Sept. 7, 2018, 4:23 p.m.
  • Length: 13:31

All games in this series

Show
View Real Time Build Order
Export as new Build Order

DnS Protoss 

Build Orders:  

Get SALT Encoding   

  12  0:00  Probe  
  13  0:12  Probe  
  14  0:17  Pylon  
  14  0:24  Probe  
  15  0:37  Probe  
  15  0:38  Gateway  
  16  0:48  Pylon  
  17  0:50  Probe  
  17  0:54  Assimilator  
  17  1:02  Probe  
  18  1:08  Gateway  
  18  1:14  Probe  
  19  1:26  Cybernetics Core  
  19  1:30  Zealot  
  21  1:34  Probe  
  22  1:44  Assimilator  
  22  1:46  Probe  
  23  1:53  Stalker  
  23  1:54  Stalker  
  22  2:06  Probe  
  27  2:10  Pylon, Warp Gate  
  27  2:20  Probe  
  27  2:21  Stalker  
  30  2:33  Shield Battery  
  30  2:40  Stalker  
  32  2:47  Shield Battery  
  32  2:52  Stalker  
  32  2:57  Probe  
  33  3:26  Stalker x2  
  37  3:40  Nexus  
  37  3:47  Pylon  
  37  3:58  Probe  
  38  4:10  Probe  
  38  4:12  Stalker x2  
  43  4:25  Robotics Facility  
  43  4:28  Probe  
  42  4:40  Probe  
  42  4:41  Sentry x2  
  45  4:49  Probe x2  
  45  4:51  Gateway  
  45  4:57  Probe x2  
  47  5:05  Adept, Sentry  
  53  5:07  Probe  
  53  5:14  Immortal, Probe  
  54  5:19  Probe  
  56  5:28  Probe  
  61  5:31  Probe  
  61  5:32  Pylon  
  62  5:41  Assimilator x2  
  62  5:50  Probe x2  
  62  5:53  Immortal  
  62  6:02  Robotics Bay, Probe x2  
  62  6:14  Probe  
  63  6:19  Probe  
  64  6:25  Adept  
  64  6:26  Adept x2  
  64  6:29  Shield Battery  
  70  6:36  Pylon  
  70  6:37  Pylon  
  70  6:42  Pylon  
  70  6:44  Extended Thermal Lance, Colossus  
  70  6:45  Pylon  
  70  6:54  Probe x2  
  78  7:00  Sentry  
  80  7:07  Probe  
  81  7:09  Forge  
  81  7:11  Twilight Council  
  81  7:28  Colossus  
  81  7:40  Nexus  
  81  7:41  Probe  
  81  7:43  Pylon  
  86  7:44  Blink  
  86  7:46  Protoss Ground Weapons Level 1  
  86  8:02  Gateway  
  86  8:03  Gateway x2  
  86  8:04  Probe x2  
  88  8:11  Stalker x2  
  92  8:23  Pylon  
  92  8:24  Gateway  
  92  8:35  Stalker x2  
  92  8:36  Colossus  
  82  9:05  Stalker x2  
  82  9:09  Probe  
  71  9:11  Stalker x2  
  71  9:12  Stalker  
  67  9:23  Stalker  
  63  9:25  Probe x2  
  63  9:29  Stalker x2  
  69  9:37  Stalker  
  69  9:38  Stalker  
  69  9:50  Stalker x2  
  69  9:57  Stalker  
  60  10:02  Stalker  
  61  10:09  Stalker  
  63  10:27  Stalker x2  
  56  10:49  Stalker x2  
  58  11:04  Stalker  
  43  12:33  Nexus  
Show
View Real Time Build Order
Export as new Build Order

Clem Terran - Winner!

Build Orders: MMM Bio 

Get SALT Encoding   

  12  0:01  SCV  
  13  0:13  SCV  
  14  0:18  Supply Depot  
  14  0:25  SCV  
  15  0:41  Barracks  
  16  0:47  Barracks  
  15  0:54  Refinery  
  15  0:58  SCV  
  16  1:10  SCV  
  18  1:28  Marine, Orbital Command  
  18  1:32  Supply Depot  
  18  1:34  Barracks Tech Lab  
  18  1:46  Marine  
  19  1:53  Marauder  
  21  1:54  Concussive Shells  
  21  1:59  SCV  
  22  2:06  Marine  
  23  2:13  SCV  
  23  2:15  Marauder  
  26  2:25  SCV  
  26  2:26  Supply Depot  
  26  2:28  Barracks Reactor  
  27  2:37  Marauder, SCV  
  28  2:49  SCV  
  29  3:01  SCV  
  29  3:04  Marine x2  
  31  3:13  SCV  
  31  3:14  Command Center  
  32  3:24  Supply Depot  
  32  3:25  Marine  
  32  3:26  Bunker  
  33  3:28  Marine  
  33  3:33  SCV  
  35  3:42  Barracks  
  35  3:49  SCV, Barracks  
  35  3:52  Marine  
  35  3:53  Marine  
  38  4:01  SCV  
  39  4:08  Engineering Bay  
  39  4:12  Marine x2  
  39  4:14  SCV  
  42  4:26  SCV  
  42  4:30  Marine x2  
  45  4:31  Barracks Tech Lab  
  45  4:38  SCV  
  44  4:42  Barracks Tech Lab  
  40  4:48  Terran Infantry Weapons Level 1, Marine x2  
  40  4:50  SCV, Stimpack  
  43  4:53  Marauder  
  43  4:59  Combat Shields  
  45  5:02  Marauder  
  47  5:08  Orbital Command  
  47  5:15  SCV  
  47  5:17  Refinery  
  48  5:26  Marine x2  
  48  5:27  Marine x2  
  52  5:35  Factory  
  52  5:40  Supply Depot  
  52  5:42  SCV x2  
  54  5:44  Marine  
  54  5:49  Supply Depot  
  48  5:51  Marine  
  48  5:54  Marine  
  48  6:00  Marauder  
  50  6:06  Supply Depot  
  50  6:11  Marine x2  
  48  6:12  Marauder  
  48  6:13  SCV  
  48  6:17  SCV  
  48  6:21  Marauder, Orbital Command  
  48  6:25  Starport  
  49  6:30  Factory Reactor  
  49  6:33  Marine x2  
  49  6:36  Marauder  
  53  6:43  Marauder  
  53  6:45  SCV  
  56  6:48  SCV  
  56  6:53  Terran Infantry Armor Level 1  
  57  6:54  Marine  
  57  6:55  Marine  
  57  7:00  SCV x2  
  61  7:03  Refinery  
  61  7:08  Marine x2  
  63  7:12  SCV x2  
  63  7:15  Marine  
  66  7:21  Medivac, Marine  
  68  7:24  SCV, Supply Depot  
  68  7:26  Marauder  
  68  7:29  Medivac  
  73  7:31  SCV  
  73  7:32  Marauder  
  73  7:36  SCV  
  77  7:41  Marine x2  
  77  7:43  SCV  
  80  7:47  Marauder, Factory Reactor  
  80  7:49  SCV  
  83  7:55  SCV  
  83  7:58  Command Center  
  84  8:02  Refinery  
  84  8:06  Medivac  
  84  8:09  Marine x2  
  89  8:13  Marauder x2, SCV  
  92  8:26  Supply Depot  
  92  8:30  Barracks  
  92  8:32  Barracks  
  92  8:33  Marine x2  
  94  8:48  Medivac x2, Widow Mine x2, Marine  
  102  8:54  Marauder  
  102  8:55  Marine  
  90  9:05  Marine  
  90  9:06  Marauder  
  96  9:10  Widow Mine x2  
  96  9:16  Marauder  
  90  9:18  Medivac  
  92  9:25  Barracks Reactor, Barracks Tech Lab, Marine x2  
  92  9:27  Marauder  
  92  9:28  Orbital Command  
  98  9:31  Widow Mine  
  98  9:35  Armory  
  98  9:37  Marauder  
  98  9:38  Engineering Bay, Widow Mine  
  101  9:44  Marine  
  102  9:50  Medivac, SCV  
  102  9:51  Marine  
  108  9:52  Widow Mine  
  108  9:55  SCV  
  108  9:59  Widow Mine  
  106  10:01  Marauder  
  106  10:05  SCV x2  
  109  10:09  Marauder  
  109  10:11  SCV  
  109  10:14  Widow Mine  
  109  10:15  Marine  
  109  10:16  Marauder  
  108  10:22  Marine  
  108  10:23  Marine x2  
  108  10:24  Widow Mine  
  108  10:26  Medivac  
  115  10:29  Marauder  
  116  10:36  Marine  
  116  10:37  Marauder  
  116  10:40  Marine  
  116  10:41  Marine  
  115  10:44  Marine x2  
  117  10:55  SCV x3  
  117  11:05  Marine x2  
  117  11:10  Marauder  
  117  11:18  Supply Depot  
  117  11:20  Supply Depot  
  117  11:23  Supply Depot  
  117  11:26  Marine  
  117  11:27  Marine  
  117  11:29  Widow Mine  
  117  11:31  Widow Mine  
  104  11:51  Widow Mine  
  94  12:00  Command Center  
  84  12:05  Widow Mine  
  84  12:12  Orbital Command  
  84  12:13  Widow Mine  
  85  12:18  Command Center  
  76  12:24  Command Center  
  68  12:41  Barracks  
  69  12:44  SCV  
  65  12:56  SCV  
  66  12:58  Barracks  
  66  13:08  SCV  
  67  13:17  SCV  
Tags
 
Composition
MMM Bio
Matchup
PvT
Player
ClemDnS
Spawn Locations
Cross Positions
Add a new tag
Caveats
  • Supply blocks, unpowered buildings, or Contaminate may cause inaccurate times.
  • Supply counts are checked every 10 seconds.